 Dungeon Crawl Stone Soup version 0.30-a0-1016-gfb0d676c02 (webtiles) character file.

Game seed: 11964961614420146789

196680 PaperRat the Warrior (level 18, -16/123 (143) HPs)
             Began as a Djinni Necromancer on Apr 6, 2023.
             Was the Champion of Ru.
             Engulfed by a cloud of thunder (22 damage)
             ... on level 4 of the Swamp on Apr 7, 2023.
             The game lasted 03:00:54 (30569 turns).

PaperRat the Warrior (Djinni Necromancer)          Turns: 30569, Time: 03:00:55

HP:   -16/123 (143) AC: 17    Str: 10    XL:     18   Next: 8%
Gold: 645           EV: 21    Int: 27    God:    Ru [******] SH: 14 Dex: 20

rFire   + . .      SeeInvis .    w - +6 long sword of the Gnashing Owl {vamp, rC+ rN+ Dex+3}
rCold   + . .      Faith    .    o - +1 kite shield {reflect}
rNeg    + + .      Spirit   .    r - +3 leather armour {rC+}
rPois   ∞          Reflect  +    g - +2 helmet
rElec   .          Rampage  .    e - +2 cloak {rF+}
rCorr   .                        Q - +2 pair of gloves
Will    ++...                    (boots unavailable)
Stlth   ++                       G - amulet of regeneration
HPRegen 1.20/turn                N - ring of Xom's Fair Game {Ice rN+ Int+5}
MPRegen 0.00/turn                I - ring of Kuoheqa {Will+ Str+3 Slay+3, =R}

@: exhausted, flying, very slightly contaminated, studying 4 skills, heavily
drained, unable to drink
A: sickness immunity, fire resistance 2, cold vulnerability 1, inability to
drink after injury 2, inexperienced 1, missing an eye, temperature sensitive,
float, innate caster, HP casting, extra vitality 1
}: 1/15 runes: serpentine
a: Renounce Religion, Draw Out Power, Power Leap, Apocalypse


You were on level 4 of the Swamp.
You worshipped Ru.
Ru was exalted by your worship.
You visited 6 branches of the dungeon, and saw 31 of its levels.
You also visited: Trove and Volcano.

You collected 3190 gold pieces.
You spent 2545 gold pieces at shops.

Inventory:

Hand Weapons
 a - a +6 demon blade of electrocution
 w - the +6 long sword of the Gnashing Owl (weapon) {vamp, rC+ rN+ Dex+3}
   (You bought it in a shop on level 4 of the Snake Pit)

   Dex:       It affects your dexterity (+3).
   rC:        It protects you from cold.
   rN:        It protects you from negative energy.
 Y - a +4 scimitar of flaming
Missiles
 f - 45 poisoned darts (quivered)
 x - 4 curare-tipped darts
 R - a throwing net {!f}
Armour
 e - a +2 cloak of fire resistance (worn)
 g - a +2 helmet (worn)
 o - a +1 kite shield of reflection (worn)
 r - a +3 leather armour of cold resistance (worn)
 B - a +2 robe of positive energy
 Q - a +2 pair of gloves (worn)
 U - a +2 robe of willpower
Magical Staves
 q - a staff of air
Jewellery
 A - a ring of see invisible
 G - an amulet of regeneration (around neck)
 I - the ring of Kuoheqa (right hand) {Will+ Str+3 Slay+3, =R}
   (You found it on level 12 of the Dungeon)

   [ring of willpower]

   Str:       It affects your strength (+3).
   Slay:      It affects your accuracy & damage with ranged weapons and melee
   (+3).
   Will:      It increases your willpower.
 N - the ring of Xom's Fair Game (left hand) {Ice rN+ Int+5}
   (You bought it in a shop on level 1 of the Dungeon)

   [ring of ice]

   It enhances your ice magic.
   Int:       It affects your intelligence (+5).
   rF:        It makes you vulnerable to fire.
   rC:        It protects you from cold.
   rN:        It protects you from negative energy.
 W - the ring "Feabyez" {Wiz rCorr MP+9}
   (You found it on level 15 of the Dungeon)

   [ring of wizardry]

   It improves your spell success rate.
   MP:        It affects your magic capacity (+9).
   rCorr:     It protects you from acid and corrosion.
Wands
 c - a wand of acid (7)
 d - a wand of digging (6)
 m - a wand of polymorph (8)
 n - a wand of charming (3)
 v - a wand of flame (14)
 z - a wand of mindburst (19)
Scrolls
 b - 2 scrolls of silence
 j - 5 scrolls of magic mapping
 l - 3 scrolls of poison
 t - 3 scrolls of torment
 y - 12 scrolls of teleportation {@r3}
 D - 5 scrolls of enchant armour
 E - 3 scrolls of fear {@r4}
 K - 10 scrolls of blinking {@r5}
 M - 3 scrolls of immolation
 O - a scroll of butterflies
 P - a scroll of vulnerability
 T - 3 scrolls of fog {@r2}
Potions
 h - 17 potions of curing {@q1}
 i - 3 potions of brilliance {@q5}
 k - 2 potions of cancellation
 u - 11 potions of heal wounds {@q2}
 C - 3 potions of lignification
 F - 3 potions of mutation {@q6}
 J - 5 potions of resistance
 L - 7 potions of might {@q3}
 S - 4 potions of haste {@q4}
 V - 2 potions of invisibility
 X - 2 potions of berserk rage
 Z - a potion of ambrosia
Miscellaneous
 p - a phial of floods (inert)
 s - a tin of tremorstones (inert)
 H - a condenser vane


   Skills:
 + Level 17.2 Fighting
 + Level 12.8 Long Blades
 - Level 8.0 Armour
 + Level 15.7 Dodging
 - Level 3.0 Stealth
 + Level 10.7 Shields
 - Level 14.0 Spellcasting
 - Level 8.0 Evocations


You knew the following spells:

 Your Spells              Type           Power      Damage    Failure   Level
a - Plasma Beam           Fire/Air       38%        2x1d56    3%          6
b - Animate Dead          Necr           76%        N/A       1%          4
c - Call Canine Familiar  Summ           76%        N/A       1%          3
d - Vampiric Draining     Necr           76%        2d11      1%          3
e - Necrotise             Necr           100%       1d9       1%          1
f - Freezing Cloud        Conj/Ice/Air   48%        6-21      1%          5
i - Iskenderun's Battles  Conj           76%        2d12      1%          5
p - Agony                 Necr           76%        N/A       1%          5
q - Dragon Form           Tmut           38%        N/A       22%         7
s - Searing Ray           Conj           100%       2d8       1%          2
v - Fulminant Prism       Conj/Hex       38%        3d17      1%          4
z - Apportation           Tloc           100%       N/A       1%          1
Your spell library was empty.

Dungeon Overview and Level Annotations

Branches:
Dungeon (15/15)            Temple (1/1) D:5            Lair (5/5) D:11
  Swamp (4/4) Lair:2        Snake (4/4) Lair:2        Slime (0/5) Lair:5
    Orc (2/2) D:10            Elf (0/3) Orc:2        Vaults (0/5) D:14
 Depths (0/4) D:15        Volcano (visited)

Altars:
Ashenzari
Cheibriados
Dithmenos
Elyvilon
Fedhas
Gozag
Hepliaklqana
Makhleb
Nemelex Xobeh
Okawaru
Qazlal
Ru
Trog
Uskayaw
Wu Jian
Xom
Yredelemnul
Zin
The Shining One

Shops:
D:1 =   D:6 !   D:7 *   D:10 (!*([*   Orc:1 ?:   Orc:2 *::?   Snake:1 *
Snake:3 ?   Snake:4 !*(:


Innate Abilities, Weirdness & Mutations

You are immune to sickness and miasma.
You are immune to poison.
Your flesh is very heat resistant. (rF++)
You are vulnerable to cold. (rC-)
You sometimes lose the ability to drink potions when taking damage.
You are somewhat inexperienced. (-1 XL)
You are missing an eye, making it more difficult to aim.
You are sensitive to extremes of temperature. (rF-, rC-)
You float through the air rather than walking.
You learn spells naturally, not from books.
Your magical power is your life essence.
You have superior vitality. (+4 MHP)


Message History

The barrage of energy hits Bai Suzhen but does no damage.
Bai Suzhen is severely wounded.
Bai Suzhen barely misses you. Bai Suzhen claws you.
Bai Suzhen tramples you but does no damage.
Casting: Plasma Beam (dangerous; 3% risk of failure)
Confirm with . or Enter, or press ? or * to list all spells.
Casting: Plasma Beam (dangerous; 3% risk of failure)
Press: ? - help, Dir - look around, f - activate The bolt of lightning hits Bai Suzhen.
Bai Suzhen completely resists.
Bai Suzhen is severely wounded.
The fiery plasma hits Bai Suzhen!!
Bai Suzhen is almost dead.
You hear a roar!
Your battlesphere fires!
The barrage of energy hits Bai Suzhen but does no damage.
Bai Suzhen is almost dead.
Bai Suzhen is stunned by your conviction and fails to attack.
Aiming: Corrosive Bolt
Press: ? - help, Shift-Dir - straight line, f - Bai Suzhen
Aim: Bai Suzhen (steam, almost dead, surrounded by thunder, catching her breath, ally target, 90% to hit)
The bolt of acid misses Bai Suzhen.
You are engulfed in a thunderstorm.
You feel a bit more experienced. Bai Suzhen completely misses you.
You block Bai Suzhen's attack. x2
Aiming: Corrosive Bolt
Press: ? - help, Shift-Dir - straight line, f/p - Bai Suzhen
Aim: Bai Suzhen (almost dead, surrounded by thunder, ally target, 90% to hit)
The bolt of acid hits Bai Suzhen!
Bai Suzhen is almost dead.
You are engulfed in a thunderstorm.
* * * LOW HITPOINT WARNING * * *
Bai Suzhen completely misses you. You block Bai Suzhen's attack.
Bai Suzhen barely misses you.
Activating: Apocalypse
Press: ? - help, Dir - look around, f - activate You reveal the great annihilating truth to your foes!
You kill Bai Suzhen!
You hear a splash.
The storm dragon scales {Bai Suzhen} are intact enough to wear.
You feel drained.
You are engulfed in a thunderstorm.
You die...

♣♣♣♣
.~♣♣♣♣♣§.♣♣♣
~.<..§§§§?*♣
~.~~~~~[~~♣♣♣
~.§§~§§§@~..♣
..~~~~~~♣♣§.~♣
♣♣♣♣~♣~♣♣ ♣♣♣
♣♣♣♣


You could see a friendly battlesphere.

Vanquished Creatures
  Mara (Swamp:3)
  Saint Roka (Orc:2)
  Bai Suzhen (Swamp:4)
  Vashnia (Snake:3)
  A tentacled monstrosity (Swamp:1)
  Jorgrun (Swamp:2)
  Mlioglotl (Swamp:2)
  Rupert (Lair:4)
  Kirke (Lair:5)
  A sphinx (D:15)
  Frances (Swamp:1)
  The ghost of UltrafastDeath the Fencer, an adept MiMo of Hepliaklqana (Swamp:3)
  5 nagarajas (Snake:4)
  A fenstrider witch (Swamp:2)
  Louise (Swamp:2)
  A stone giant (D:15)
  A bunyip (Swamp:1)
  Azrael (Snake:3)
  3 eleionomae
  Snorg (D:10)
  A salamander tyrant (Snake:2)
  A shambling mangrove (Swamp:2)
  Erolcha (Orc:2)
  A vault guard (D:14)
  9 hydras
  A boulder beetle (D:14)
  4 two-headed ogres
  14 anacondas
  3 centaur warriors
  3 catoblepae (Lair:5)
  17 naga warriors
  3 death yaks (Lair:5)
  4 alligators
  2 tengu warriors (D:14)
  13 naga sharpshooters
  3 shock serpents
  5 orc high priests (Orc:2)
  Urug (D:11)
  A hell knight (Volcano)
  A skyshark (Lair:2)
  2 goliath frogs
  8 salamander mystics
  2 spriggan druids (Swamp:2)
  4 swamp dragons
  2 bog bodies
  An obsidian statue (Snake:3)
  6 naga ritualists
  A lindwurm (Orc:1)
  5 orc knights (Orc:2)
  A deep elf pyromancer (D:13)
  7 cyclopes
  A wolf spider (Lair:1)
  An ugly thing zombie (D:15)
  2 orc sorcerers
  16 ugly things
  6 manticores
  11 mana vipers
  A will-o-the-wisp (Swamp:3)
  16 salamanders
  9 elephants (Lair:5)
  23 black mambas
  5 guardian serpents
  9 naga magi
  A smoke demon (Volcano)
  A gargoyle (D:13)
  7 komodo dragons
  2 unseen horrors
  2 freezing wraiths
  5 rime drakes
  10 cane toads
  2 efreet (D:13)
  A kobold demonologist (D:9)
  2 tengu conjurers (D:14)
  An ice devil (D:12)
  5 trolls
  2 trolls (shapeshifter)
  A red devil (Volcano)
  A bloated husk (Swamp:1)
  2 polar bears
  Prince Ribbit (D:5)
  A tarantella (shapeshifter) (D:9)
  A hellwing (D:12)
  8 blink frogs
  7 tyrant leeches
  A snapping turtle (shapeshifter) (D:13)
  5 hornets
  2 shadows
  2 slime creatures (D:12)
  3 spriggans
  A basilisk (shapeshifter) (D:15)
  3 wraiths
  49 yaks
  6 hogs (Lair:5)
  3 basilisks
  3 wyverns
  4 fire elementals
  9 humans (D:14)
  2 golden eyes (shapeshifter) (D:15)
  5 vampire mosquitoes
  Edmund (D:4)
  28 nagas
  7 swamp worms
  3 wargs
  8 water moccasins
  5 hell hounds (Snake:3)
  Duvessa (D:5)
  4 swamp drakes
  5 ice beasts
  2 black bears
  37 orc warriors
  4 wolves
  8 centaurs
  3 ogres
  6 kobold brigands
  A troll zombie (D:10)
  14 bullfrogs
  5 scorpions
  2 gnoll sergeants
  5 wights
  A hornet simulacrum (D:14)
  4 yak zombies (Lair:5)
  18 killer bees
  7 howler monkeys
  9 jellies
  6 lava snakes
  A quasit (D:12)
  26 orc priests
  5 hounds
  4 gnoll boudas
  3 iguanas
  2 sleepcaps (D:7)
  Terence (D:2)
  5 hell rats
  Natasha (thrice) (D:2)
  27 orc wizards
  6 kobold zombies
  A howler monkey zombie (D:10)
  17 adders
  24 gnolls
  A shadow imp (D:5)
  A white imp (D:6)
  3 dart slugs
  93 orcs
  7 ball pythons
  9 endoplasms
  4 giant cockroaches
  3 gnoll zombies (Orc:1)
  4 goblins
  10 hobgoblins
  3 jackals (D:4)
  7 quokkas
  3 bats
  An endoplasm zombie (Lair:5)
  2 frilled lizards (D:3)
  25 kobolds
  30 orc zombies
  2 rats
  2 fire vortices (D:14)
943 creatures vanquished.

Vanquished Creatures (collateral kills)
  Roxanne (Snake:4)
  2 vault guards (D:14)
  A centaur warrior (D:13)
  2 death yaks (Lair:5)
  2 two-headed ogres
  2 naga sharpshooters (Snake:3)
  A lindwurm (Lair:5)
  2 elephants (Lair:5)
  2 rust devils (D:12)
  A cane toad (Lair:5)
  An orange demon (D:12)
  A komodo dragon (Lair:5)
  A yaktaur (D:15)
  A hellwing (D:12)
  A slime creature (D:12)
  4 yaks
  A two-headed ogre zombie (D:12)
  2 nagas (Snake:1)
  2 water moccasins
  3 orc warriors
  A wolf (Lair:2)
  A scorpion (D:6)
  2 wights
  Dowan (D:5)
  2 killer bees (D:8)
  A lava snake (Lair:2)
  A bullfrog zombie (D:7)
  An orc priest (Orc:2)
  A hound (D:6)
  5 jellies (Lair:5)
  A sleepcap (D:5)
  A hell rat (Lair:5)
  A killer bee zombie (D:8)
  2 gnolls
  An adder (D:5)
  2 white imps
  4 orcs
  A ball python (D:1)
  An endoplasm (D:2)
  2 giant cockroaches (D:1)
  A hobgoblin (D:1)
  A frilled lizard (D:1)
  A bush (Lair:5)
  A butterfly (Lair:2)
69 creatures vanquished.

Vanquished Creatures (others)
  A centaur warrior (D:15)
  A shock serpent (Snake:4)
  A naga sharpshooter (Snake:2)
  2 ugly thing zombies (D:15)
  A rime drake (Lair:4)
  An unseen horror zombie (D:13)
  2 cane toad zombies (Lair:5)
  3 elephant zombies (Lair:5)
  A manticore zombie (Lair:5)
  A rime drake zombie (Lair:5)
  A troll zombie (D:12)
  A bullfrog zombie (D:8)
  4 human zombies (D:14)
  3 killer bee zombies (D:8)
  2 hell rat zombies (Lair:5)
  24 orc zombies
  2 gnoll zombies
  A kobold zombie (D:10)
  2 demonic plants (D:12)
  2 foxfires (Swamp:3)
  126 fulminant prisms
  35 fungi
  75 plants
292 creatures vanquished.

Grand Total: 1304 creatures vanquished

Notes
Turn   | Place    | Note
-------+----------+-------------------------------------------
     0 | D:1      | PaperRat the Djinni Necromancer began the quest for the
                  | Orb.
     0 | D:1      | PaperRat set off with the following spells memorised:
                  | Necrotise, Vampiric Draining, Animate Dead, Agony.
     0 | D:1      | Reached XP level 1. HP: 15/15 MP: 0/0
   252 | D:1      | Reached XP level 2. HP: 19/22 MP: 0/0
   265 | D:1      | Reached skill level 1 in Fighting
   356 | D:1      | Found Suidif's Jewellery Boutique.
   634 | D:1      | Found a faded altar of an unknown god.
   660 | D:2      | Noticed Natasha
   701 | D:2      | Reached XP level 3. HP: 26/28 MP: 0/0
   701 | D:2      | Learned a level 1 spell: Apportation
   711 | D:2      | Killed Natasha
   712 | D:2      | Reached skill level 2 in Fighting
   778 | D:2      | Noticed Natasha
   787 | D:2      | Killed Natasha
   788 | D:2      | Reached XP level 4. HP: 24/34 MP: 0/0
   902 | D:2      | Reached skill level 3 in Fighting
   946 | D:2      | Noticed Terence
  1014 | D:2      | Noticed Natasha
  1030 | D:2      | Killed Natasha
  1031 | D:2      | Reached XP level 5. HP: 38/40 MP: 0/0
  1031 | D:2      | Learned a level 2 spell: Searing Ray
  1683 | D:2      | Killed Terence
  1684 | D:2      | Reached XP level 6. HP: 47/47 MP: 0/0
  2254 | D:3      | Reached skill level 4 in Fighting
  3193 | D:4      | Reached skill level 1 in Evocations
  3225 | D:4      | Identified the +3 ring mail of Duty {+Blink rF+}
  3284 | D:4      | Noticed Edmund
  3295 | D:4      | Killed Edmund
  3296 | D:4      | Reached XP level 7. HP: 29/53 MP: 0/0
  3296 | D:4      | Learned a level 3 spell: Call Canine Familiar
  3471 | D:4      | Found a snail-covered altar of Cheibriados.
  3938 | D:5      | Entered Level 5 of the Dungeon
  4083 | D:5      | Noticed Prince Ribbit
  4119 | D:5      | Reached skill level 5 in Fighting
  4247 | D:5      | Reached skill level 5 in Spellcasting
  4247 | D:5      | Reached XP level 8. HP: 55/59 MP: 0/0
  4372 | D:5      | Found a staircase to the Ecumenical Temple.
  4386 | Temple   | Entered the Ecumenical Temple
  4393 | Temple   | Became a worshipper of Ru the Awakened
  4552 | D:5      | Reached skill level 6 in Fighting
  4844 | D:5      | Noticed Duvessa
  4844 | D:5      | Noticed Dowan
  4861 | D:5      | Killed Dowan
  4873 | D:5      | Killed Duvessa
  5547 | D:5      | Killed Prince Ribbit
  5548 | D:5      | Reached skill level 1 in Armour
  5628 | D:6      | Reached XP level 9. HP: 60/66 MP: 0/0
  5628 | D:6      | Learned a level 4 spell: Fulminant Prism
  5730 | D:6      | Identified the +3 trident of Cowardice {protect, Dex+4}
  5857 | D:6      | Gained mutation: You are sensitive to extremes of
                  | temperature. (rF-, rC-) [Ru sacrifice]
  5857 | D:6      | Reached * piety under Ru
  5857 | D:6      | Reached ** piety under Ru
  6251 | D:6      | Found Rutuzi's Distillery.
  7044 | D:7      | Reached XP level 10. HP: 62/73 MP: 0/0
  7057 | D:7      | Reached skill level 5 in Dodging
  7232 | D:7      | Reached skill level 7 in Fighting
  7546 | D:1      | Bought an amulet of regeneration for 390 gold pieces
  7959 | D:7      | Found Gozag's Platinum Reserve.
  7960 | D:7      | Found an opulent altar of Gozag.
  8421 | D:8      | Found a white marble altar of Elyvilon.
  8439 | D:8      | Reached skill level 8 in Fighting
  8465 | D:8      | Gained mutation: You are somewhat inexperienced. (-1 XL)
                  | [Ru sacrifice]
  8465 | D:8      | Reached XP level 9. HP: 70/70 MP: 0/0
  8465 | D:8      | Reached *** piety under Ru
  8465 | D:8      | Reached **** piety under Ru
  8706 | D:8      | Noticed a centaur warrior
  8712 | D:8      | Killed a centaur warrior
  8713 | D:8      | Reached skill level 5 in Armour
  8713 | D:8      | Reached XP level 10. HP: 58/77 MP: 0/0
  9505 | D:9      | Reached skill level 9 in Fighting
  9796 | D:9      | Noticed a cyclops
  9804 | D:9      | Noticed a cyclops
  9836 | D:9      | Killed a cyclops
  9860 | D:9      | Killed a cyclops
  9861 | D:9      | Reached skill level 10 in Fighting
 10103 | D:9      | Found a glowing golden altar of the Shining One.
 10272 | D:9      | Reached XP level 11. HP: 65/85 MP: 0/0
 10272 | D:9      | Learned a level 5 spell: Freezing Cloud
 10391 | D:10     | Entered Level 10 of the Dungeon
 10416 | D:10     | Found Rifijisk's Assorted Antiques.
 10432 | D:10     | Noticed Snorg
 10437 | D:10     | Killed Snorg
 10488 | D:10     | Noticed a two-headed ogre
 10507 | D:10     | Killed a two-headed ogre
 10518 | D:10     | Found Rytiakk's General Store.
 10533 | D:10     | Gained mutation: You occasionally lose the ability to drink
                  | potions when taking damage. [Ru sacrifice]
 10533 | D:10     | Gained mutation: You sometimes lose the ability to drink
                  | potions when taking damage. [Ru sacrifice]
 10533 | D:10     | Reached ***** piety under Ru
 10652 | D:10     | Found Voth's Armour Boutique.
 10652 | D:10     | Found a staircase to the Orcish Mines.
 10670 | D:10     | Found Xapuck's Weapon Boutique.
 10677 | D:10     | Reached skill level 1 in Shields
 10681 | D:10     | Found Dato Sekim's Distillery.
 10701 | D:10     | Your ally Snorg died
 10732 | D:10     | Found Poah Quj's Weapon Shop.
 10790 | D:10     | Reached skill level 5 in Evocations
 10817 | D:10     | Bought a scroll labelled YLEMAFADAA for 27 gold pieces
 11016 | D:10     | Bought a +2 pair of gloves for 247 gold pieces
 11100 | D:11     | Found a staircase to the Lair.
 11601 | D:11     | Noticed Urug
 11611 | D:11     | Killed Urug
 12181 | Lair:1   | Entered Level 1 of the Lair of Beasts
 12730 | Lair:1   | Gained mutation: You are missing an eye, making it more
                  | difficult to aim. [Ru sacrifice]
 12730 | Lair:1   | Reached ****** piety under Ru
 12781 | Lair:1   | Reached XP level 12. HP: 68/93 MP: 0/0
 12782 | Lair:1   | Reached skill level 11 in Fighting
 13224 | Lair:2   | Reached skill level 10 in Spellcasting
 13262 | Lair:2   | Identified the +7 quarterstaff of Hepliaklqana's Wrath
                  | {spect, Will- Str+2 Stlth+}
 13319 | Lair:2   | Found a staircase to the Swamp.
 13418 | Lair:2   | Found a staircase to the Snake Pit.
 14087 | Lair:3   | Reached skill level 10 in Dodging
 14170 | Lair:3   | Reached skill level 5 in Shields
 14674 | Lair:4   | Noticed Rupert
 14689 | Lair:4   | Killed Rupert
 15335 | Lair:5   | Entered Level 5 of the Lair of Beasts
 15339 | Lair:5   | Reached skill level 12 in Fighting
 15351 | Lair:5   | Reached XP level 13. HP: 63/101 MP: 0/0
 15351 | Lair:5   | Learned a level 5 spell: Iskenderun's Battlesphere
 15356 | Lair:5   | Noticed Kirke
 15564 | Lair:5   | Found a staircase to the Slime Pits.
 15602 | Lair:5   | Killed Kirke
 15718 | Lair:5   | Reached skill level 13 in Fighting
 16528 | Orc:1    | Entered Level 1 of the Orcish Mines
 16617 | Orc:1    | Found a dark tunnel.
 16630 | Volcano  | Entered a volcano
 16708 | Volcano  | Reached skill level 14 in Fighting
 16776 | Volcano  | Reached XP level 14. HP: 94/112 MP: 0/0
 17022 | D:1      | Bought the ring of Xom's Fair Game {Ice rN+ Int+5} for 607
                  | gold pieces
 17294 | Orc:1    | Found a shimmering altar of Xom.
 17403 | Orc:2    | Entered Level 2 of the Orcish Mines
 17675 | Orc:2    | Noticed Saint Roka
 17713 | Orc:2    | Killed Saint Roka
 17781 | Orc:2    | Noticed Erolcha
 17793 | Orc:2    | Killed Erolcha
 18183 | Orc:2    | Found Innedgho's Magic Scroll Shop.
 18183 | Orc:2    | Found Muosta's General Store.
 18184 | Orc:2    | Found Daisits's Book Shop.
 18184 | Orc:2    | Found Vosobbou's Book Boutique.
 18499 | Orc:2    | Found a staircase to the Elven Halls.
 18982 | Orc:1    | Found Feptig's Book Shoppe.
 19012 | Orc:1    | Found Xupref's Magic Scroll Shop.
 19026 | Orc:1    | Bought a scroll of fear for 68 gold pieces
 19515 | D:12     | Identified the ring of Kuoheqa {Will+ Str+3 Slay+3}
 19721 | D:12     | Identified a scroll of acquirement
 19722 | D:12     | Acquired a +0 demon blade of electrocution
 20230 | D:13     | Reached skill level 1 in Long Blades
 20859 | D:14     | Reached XP level 15. HP: 111/118 MP: 0/0
 20859 | D:14     | Learned a level 6 spell: Plasma Beam
 20862 | D:14     | Reached skill level 15 in Fighting
 21374 | D:14     | Found a portal to a secret trove of treasure.
 21718 | D:14     | Found a gate to the Vaults.
 21848 | D:15     | Entered Level 15 of the Dungeon
 21925 | D:15     | Identified the ring "Feabyez" {Wiz rCorr MP+9}
 21982 | D:15     | Found a staircase to the Depths.
 22189 | D:15     | Noticed a sphinx
 22198 | D:15     | Killed a sphinx
 22727 | Snake:1  | Entered Level 1 of the Snake Pit
 22795 | Snake:1  | Found Ywnogise's General Store.
 22967 | Snake:1  | Reached skill level 5 in Long Blades
 23538 | Snake:1  | Identified the +0 plate armour of Evolution {Fly}
 23804 | Snake:2  | Reached skill level 16 in Fighting
 23939 | Snake:1  | Reached XP level 16. HP: 67/128 MP: 0/0
 24243 | Snake:1  | Bought a scroll of blinking for 105 gold pieces
 24243 | Snake:1  | Bought a scroll of enchant weapon for 105 gold pieces
 24243 | Snake:1  | Bought a condenser vane for 560 gold pieces
 24732 | Snake:3  | Noticed Vashnia
 24775 | Snake:3  | Killed Vashnia
 24868 | Snake:3  | Found a transporter.
 24868 | Snake:3  | Identified the ring "Irohebit" {rF+ Str+2 Dex+3 Slay+3}
 24870 | Snake:3  | Found Ukaorgh's Magic Scroll Shop.
 24880 | Snake:3  | Bought a scroll of fog for 52 gold pieces
 24880 | Snake:3  | Bought a scroll of fog for 52 gold pieces
 24880 | Snake:3  | Bought a scroll of fog for 52 gold pieces
 24885 | Snake:3  | Found the +2 pair of slick slippers {slick, slippery, EV+4}
 24886 | Snake:3  | Found a transporter.
 25389 | Snake:3  | Noticed Azrael
 25396 | Snake:3  | Killed Azrael
 26042 | D:14     | You paid a toll of 6 scrolls of fog to enter a treasure
                  | trove
 26043 | Trove    | Entered a treasure trove
 26360 | Snake:4  | Entered Level 4 of the Snake Pit
 26361 | Snake:4  | Found a shadowy altar of Dithmenos.
 26441 | Snake:4  | Found Direpoaxt's Book Emporium.
 26462 | Snake:4  | Found Ushraec's Antique Weapon Emporium.
 26462 | Snake:4  | Found Cirah's General Store.
 26465 | Snake:4  | Found Totzuqui's Distillery.
 26986 | Snake:4  | Identified Roxanne's Papyrus of Spelunking
 26986 | Snake:4  | Noticed Roxanne
 27077 | Snake:4  | Reached skill level 10 in Long Blades
 27534 | Snake:4  | Reached XP level 17. HP: 131/133 MP: 0/0
 27534 | Snake:4  | Learned a level 7 spell: Dragon Form
 28176 | Snake:4  | Got a serpentine rune of Zot
 28387 | Snake:4  | Killed Roxanne
 28429 | Snake:4  | Bought a masterwork long sword for 280 gold pieces
 28429 | Snake:4  | Identified the +6 long sword of the Gnashing Owl {vamp, rC+
                  | rN+ Dex+3} (You bought it in a shop on level 4 of the Snake
                  | Pit)
 28591 | Swamp:1  | Entered Level 1 of the Swamp
 28626 | Swamp:1  | Noticed Frances
 28634 | Swamp:1  | Killed Frances
 28658 | Swamp:1  | Noticed a tentacled monstrosity
 28670 | Swamp:1  | Killed a tentacled monstrosity
 29143 | Swamp:2  | Noticed Mlioglotl
 29146 | Swamp:2  | Noticed Louise
 29168 | Swamp:2  | Reached skill level 10 in Shields
 29312 | Swamp:2  | Identified the +0 scale mail of Dawn {Int+3}
 29393 | Swamp:2  | Killed Mlioglotl
 29444 | Swamp:2  | Reached skill level 17 in Fighting
 29444 | Swamp:2  | Reached skill level 15 in Dodging
 29451 | Swamp:2  | Noticed Jorgrun
 29461 | Swamp:2  | Killed Jorgrun
 29595 | Swamp:2  | Killed Louise
 29834 | Swamp:3  | Found a runed translucent gate.
 29834 | Swamp:3  | Found a runed translucent gate.
 29870 | Swamp:3  | Found a runed translucent gate.
 29870 | Swamp:3  | Noticed UltrafastDeath's ghost (adept MiMo)
 29966 | Swamp:3  | Noticed Mara
 29974 | Swamp:3  | Killed Mara
 29987 | Swamp:3  | Reached XP level 18. HP: 105/139 MP: 0/0
 30392 | Swamp:3  | Killed UltrafastDeath's ghost
 30556 | Swamp:4  | Entered Level 4 of the Swamp
 30557 | Swamp:4  | Noticed Bai Suzhen
 30569 | Swamp:4  | Killed Bai Suzhen
 30569 | Swamp:4  | Engulfed by a cloud of thunder

Illustrated notes

Levels and vault maps discovered:
D:1:      minmay_arrival_glassed_features, layout_rooms, serial_shops, shop,
          shapermc_ecumenical_altar_petra, hex_medium
D:2:      layout_loops_ring, uniq_terence, uniq_natasha
D:3:      layout_basic, minmay_unequal
D:4:      layout_basic, cheibriados_altar_1, st_stairs_8, uniq_edmund
D:5:      layout_layer_cave, minmay_temple_entry_sparse_star,
          amcnicky_mini_corridor_feature, nicolae_underground_beach,
          uniq_prince_ribbit1, uniq_duvessa
D:6:      layout_basic, serial_shops, nicolae_shop_crystal
D:7:      cheibrodos_fzero, layout_basic, nicolae_gozag_zags_fifth_avenue,
          minmay_a_box_with_orc_wizards_in_it
D:8:      layout_basic, mainiacjoe_overflow_alcove_1
D:9:      minmay_chambers_of_sevens, layout_loops_ring,
          mainiacjoe_overflow_tiny_flanked, chequers_serial_rivers_marsh
D:10:     layout_rooms, orc_david_3, serial_shops, shop, shop,
          nicolae_shop_statue_plus, nicolae_diamond_shop, minivault_22,
          uniq_snorg
D:11:     layout_stronghold, hellmonk_lair_entry_icy, st_stairs_7, uniq_urug
D:12:     layout_basic, serial_demonic, serial_demonic_e, serial_demonic_f,
          serial_demonic_g, serial_demonic_g, minmay_radiant
D:13:     layout_gridville
D:14:     layout_roguey, ximxim_vaults_locker_room, enter_trove_1,
          kennysheep_cross_room
D:15:     grunt_enter_depths_giant_problem, layout_rooms, minmay_three_doors
Temple:   nicolae_temple_no_exploring_needed
Lair:1:   minmay_lair_venomous_thicket, layout_gridlike,
          nicolae_quartered_pool_impasse, patterned_corridor,
          infiniplex_staircase_pool_2, grunt_megastairs_3
Lair:2:   layout_loops_ring, swamp_mist, nicolae_snake_entry_warm_welcome,
          grunt_megastairs_1, lemuel_fruit_fields
Lair:3:   layout_misc_corridors
Lair:4:   layout_small_grid, uniq_rupert
Lair:5:   evilmike_catoblepas_cave, layout_hall_layers,
          minmay_slime_entry_jelly_boxes, uniq_kirke
Swamp:1:  layout_falls_marsh, evilmike_swamp_ruin_wall, uniq_frances
Swamp:2:  layout_falls_marsh, hangedman_swamp_ruin_wall, swamp_pool2,
          uniq_mlioglotl, uniq_louise, uniq_jorgrun
Swamp:3:  layout_falls_marsh, ebering_ghost_rock_garden,
          evilmike_swamp_ruin_house_3, uniq_mara
Swamp:4:  swamp_basic_johnstein, layout_basic_swamp, uniq_bai_suzhen
Snake:1:  layout_basic, serial_shops, nicolae_take_the_stairs,
          nicolae_snake_slithery_hallway, lemuel_fruit_tree,
          serial_bayou_shore_b
Snake:2:  layout_onion, library_closet
Snake:3:  gammafunk_sealed_arena, layout_misc_corridors, serial_shops, shop,
          nicolae_snake_squiggles, uniq_azrael, uniq_vashnia
Snake:4:  johnstein_snake_rune_scales, layout_layer_cave, basic_altar,
          minmay_shoptagon, serial_bayou_shore_b, uniq_roxanne
Orc:1:    layout_caves, serial_shops, shop, shop_scrolls,
          nicolae_volcano_entry_vermiform, basic_altar, led_sif_book
Orc:2:    st_orc_pillars, layout_diamond_mine, basic_altar, lightli_orcish_oven,
          uniq_saint_roka, uniq_erolcha

Skill      XL: |  1  2  3  4  5  6  7  8  9 10 11 12 13 14 15 16 17 |
---------------+----------------------------------------------------+-----
Stealth        | 2 3 |  3.0
Fighting       | 1 2 3 4 5 6 10 12 14 16 17 | 17.2
Spellcasting   | 4 5 6 7 9 10 12 13 14 | 14.0
Evocations     | 1 2 3 4 6 8 |  8.0
Dodging        | 3 4 8 9 10 11 12 13 15 | 15.7
Armour         | 2 5 6 7 8 |  8.0
Shields        | 3 6 7 10 | 10.7
Long Blades    | 2 6 10 12 | 12.8

Action                     |  1- 3 |  4- 6 |  7- 9 | 10-12 | 13-15 | 16-18 || total
---------------------------+-------+-------+-------+-------+-------+-------++-------
  Melee: Dagger            |     1 |       |       |       |       |       ||     1
         Short sword       |     4 |     1 |       |       |       |       ||     5
         Staff             |       |       |       |     1 |     9 |       ||    10
         Demon blade       |       |       |       |       |       |    16 ||    16
         Long sword        |       |       |       |       |       |     1 ||     1
   Fire: Sling             |       |    56 |    69 |    40 |       |       ||   165
  Throw: Stone             |     3 |     4 |       |       |       |       ||     7
         Dart              |     8 |     6 |    13 |     7 |     9 |       ||    43
         Javelin           |       |     1 |       |       |       |       ||     1
   Cast: Necrotise         |    37 |    63 |    21 |     1 |       |       ||   122
         Vampiric Draining |       |    15 |    69 |   106 |   192 |    64 ||   446
         Searing Ray       |       |     5 |    21 |    74 |    38 |    52 ||   190
         Call Canine Famil |       |       |     9 |    10 |    26 |     4 ||    49
         Fulminant Prism   |       |       |     2 |    60 |    31 |    33 ||   126
         Animate Dead      |       |       |     2 |     5 |    14 |       ||    21
         Freezing Cloud    |       |       |       |    68 |   173 |    96 ||   337
         Iskenderun's Batt |       |       |       |       |     9 |    30 ||    39
         Apportation       |       |       |       |       |     1 |     2 ||     3
         Plasma Beam       |       |       |       |       |    58 |   152 ||   210
 Invoke: Sacrifice Experie |       |       |     1 |       |       |       ||     1
         Sacrifice Resista |       |       |     1 |       |       |       ||     1
         Sacrifice Drink   |       |       |       |     1 |       |       ||     1
         Sacrifice an Eye  |       |       |       |     1 |       |       ||     1
         Apocalypse        |       |       |       |     1 |       |     4 ||     5
         Power Leap        |       |       |       |       |     2 |       ||     2
         Draw Out Power    |       |       |       |       |       |     1 ||     1
  Evoke: Wand              |       |       |     2 |     3 |     2 |     9 ||    16
         Tin of tremorston |       |       |       |       |     1 |     4 ||     5
         Phial of floods   |       |       |       |       |       |     2 ||     2
    Use: Potion            |     1 |       |     2 |     2 |       |     4 ||     9
         Scroll            |       |     6 |    12 |     9 |    12 |    10 ||    49
   Stab: Sleeping          |       |     1 |       |       |       |       ||     1
 Armour: Robe              |     1 |     4 |       |       |     3 |       ||     8
         Leather armour    |       |       |    24 |    63 |    69 |    43 ||   199
  Dodge: Dodged            |     1 |    19 |    69 |   124 |   184 |    99 ||   496
  Block: Buckler           |       |       |       |    10 |   125 |    40 ||   175
         Kite shield       |       |       |       |       |       |    27 ||    27
         Reflection        |       |       |       |       |       |     1 ||     1

Table legend: (Time is in decaauts)
 A = Elapsed time spent in this place.
 B = Non-inter-level travel time spent in this place.
 C = Inter-level travel time spent in this place.
 D = Time resting spent in this place.
 E = Time spent auto-exploring this place.
 F = Levels seen in this place.
 G = Mean time per level.
                   A        B        C        D        E       F      G
               +--------+--------+--------+--------+--------+-----+--------+
         Total |  30648 |  27525 |   3123 |   2049 |  15876 |  33 |  928.7 |
       Dungeon |  16342 |  14520 |   1822 |   1021 |   8026 |  15 | 1089.5 |
        Temple |     14 |     14 |      0 |      0 |      0 |   1 |   14.0 |
          Lair |   4551 |   4034 |    517 |     87 |   2820 |   5 |  910.2 |
         Swamp |   1957 |   1854 |    103 |    192 |   1083 |   4 |  489.2 |
     Snake Pit |   5369 |   4892 |    477 |    580 |   2997 |   4 | 1342.2 |
  Orcish Mines |   2172 |   1969 |    203 |    169 |    950 |   2 | 1086.0 |
         Trove |     70 |     70 |      0 |      0 |      0 |   1 |   70.0 |
       Volcano |    169 |    169 |      0 |      0 |      0 |   1 |  169.0 |
               +--------+--------+--------+--------+--------+-----+--------+

Top non-repeatable levels by time:
 Snake:4: 2097 daAuts
     D:5: 1725 daAuts
     D:7: 1486 daAuts
   Orc:2: 1459 daAuts
 Snake:1: 1321 daAuts
    D:11: 1273 daAuts
     D:3: 1262 daAuts
    D:14: 1171 daAuts
     D:6: 1170 daAuts
     D:4: 1170 daAuts
 Snake:3: 1114 daAuts
  Lair:1: 1073 daAuts
     D:2: 1054 daAuts
     D:9: 1052 daAuts
    D:13: 1009 daAuts
